 Dungeon Crawl Stone Soup version 0.24.0-1-gfbc8707122 (webtiles) character file.

Game seed: 13212405061994184206, levelgen mode: deterministic

132 Mrkan the Skirmisher (level 4, -6/42 HPs)
             Began as a Draconian Fighter on Oct 25, 2019.
             Was an Initiate of Makhleb.
             Mangled by a gnoll
             ... wielding a +0 flail
              (7 damage)
             ... on level 1 of the Dungeon.
             The game lasted 00:02:22 (1160 turns).

Mrkan the Skirmisher (Draconian Fighter)            Turns: 1160, Time: 00:02:22

Health: -6/42      AC:  5    Str: 23    XL:     4   Next: 92%
Magic:  4/4        EV: 10    Int:  9    God:    Makhleb [......]
Gold:   85         SH: 10    Dex: 11    Spells: 3/3 levels left

rFire    . . .     SeeInvis .   a - +0 long sword
rCold    . . .     Gourm    .   b - +0 shield
rNeg     . . .     Faith    .   (armour unavailable)
rPois    .         Spirit   .   (helmet restricted)
rElec    .         Reflect  .   (no cloak)
rCorr    .         Harm     .   (no gloves)
MR       .....                  (no boots)
Stlth    +.........             (no amulet)
HPRegen  0.14/turn              (no ring)
MPRegen  0.09/turn              (no ring)

@: mighty
A: unfitting armour, cold-blooded, AC +5
a: Renounce Religion


You were on level 1 of the Dungeon.
You worshipped Makhleb.
Makhleb was noncommittal.
You were not hungry.

You visited 1 branch of the dungeon, and saw 2 of its levels.

You collected 85 gold pieces.

Inventory:

Hand Weapons
 a - a +0 long sword (weapon)
Armour
 b - a +0 shield (worn)
Jewellery
 i - an uncursed ring of fire {unknown}
Scrolls
 e - 2 scrolls of random uselessness {unknown}
 g - 2 scrolls of remove curse {unknown}
 j - 2 scrolls of teleportation {unknown}
 l - a scroll of amnesia {unknown}
 m - a scroll of enchant weapon {unknown}
Potions
 c - a potion of might
 f - a potion of heal wounds {unknown}
 k - a potion of cancellation {unknown}
 n - a potion of haste {unknown}
Comestibles
 d - 4 rations
 h - 3 chunks of flesh


   Skills:
 + Level 5.0 Fighting
 - Level 2.0 Long Blades
 - Level 2.6 Dodging
 + Level 4.5 Shields


You had 3 spell levels left.
You didn't know any spells.
Your spell library was empty.

Dungeon Overview and Level Annotations

Branches:
Dungeon (2/15)

Altars:
Hepliaklqana
Makhleb
Xom

Annotations:
D:2 2 transporters


Innate Abilities, Weirdness & Mutations

Your plain brown scales are hard. (AC +5)
You cannot fit into any form of body armour.
You are cold-blooded and may be slowed by cold attacks.


Message History

Your shield prevents you from hitting the gnoll.
The gnoll is severely wounded.
The gnoll hits you with a +0 spear. The gnoll hits you but does no damage.
The gnoll hits you with a +0 spear.
* * * LOW HITPOINT WARNING * * *
You closely miss the gnoll.
Your tail-slap misses the gnoll.
The gnoll is severely wounded.
You block the gnoll's attack. The gnoll hits you with a +0 spear!
* * * LOW HITPOINT WARNING * * *
The gnoll closely misses you.
There is a stone staircase leading up here.
You can't go up here!
There is a stone staircase leading up here.
The gnoll hits you with a +0 flail.
* * * LOW HITPOINT WARNING * * *
You climb upwards.
There is a stone staircase leading down here.
You feel very mighty all of a sudden. The gnoll hits you with a +0 flail!
You die...

.#.# #.# #..##.# #.#.# # .#.#
#.#####.###.# #.#.# # .#.##
#.......# #.# #.#.# # .#..#
#######.###.# #.#.# # .##.#
#.....# #.#.# # .##.# #..####
#.#.# # .##.# #..# #.#.######
.##.# #g.# #......#..
.##.###########.@# ###.##.#..
.#...............# #####.##....
.#..###..........# #.....(###..
........#######.######.###.## #..
....###########........##########
###)# #...................# # #.#
#.#################.# #
#.######.# #.#### #........#
#.....


You could see a gnoll.

Vanquished Creatures
  A bullfrog skeleton (D:2)
  Jessica (D:2)
  4 adders (D:2)
  3 worms (D:2)
  3 dart slugs
  A leopard gecko (D:1)
  3 goblins
  3 hobgoblins
  3 bats
  A frilled lizard (D:2)
  4 kobolds
  7 rats
34 creatures vanquished.

Notes
Turn   | Place    | Note
-------+----------+-------------------------------------------
     0 | D:1      | Mrkan the Draconian Fighter began the quest for the Orb.
     0 | D:1      | Reached XP level 1. HP: 19/19 MP: 1/1
   204 | D:1      | Reached XP level 2. HP: 18/26 MP: 2/2
   793 | D:2      | Reached skill level 4 in Fighting
   825 | D:2      | Reached XP level 3. HP: 30/33 MP: 3/3
   836 | D:2      | Found a burning altar of Makhleb.
   836 | D:2      | Found a shimmering altar of Xom.
   843 | D:2      | Became a worshipper of Makhleb the Destroyer
   870 | D:2      | Found a transporter.
   870 | D:2      | Found a hazy altar of Hepliaklqana.
   883 | D:2      | Found a transporter.
   939 | D:2      | Noticed Jessica
   954 | D:2      | Reached XP level 4. HP: 21/41 MP: 4/4
   966 | D:2      | Killed Jessica
  1054 | D:2      | Reached skill level 5 in Fighting
  1144 | D:2      | HP: 1/42 [gnoll/+0 spear (7)]
  1158 | D:2      | HP: 1/42 [gnoll/+0 flail (2)]
  1160 | D:1      | Mangled by a gnoll

Levels and vault maps discovered:
D:1:      co_arrival_square_in_a_square_in_a_square, layout_loops_ring,
          grunt_decor_mini_mirrors
D:2:      layout_rooms, gammafunk_temple_overflow_pools,
          gammafunk_temple_overflow_arena, first_ration, uniq_jessica

Skill      XL: |  1  2  3  4 |
---------------+-------------+-----
Fighting       | 4 5 |  5.0
Shields        | 4 |  4.5
Long Blades    | |  2.0
Dodging        | |  2.6

Action                   |  1- 3 |  4- 6 || total
-------------------------+-------+-------++-------
Melee: Long sword        |    76 |    53 ||   129
       Tailslap          |     9 |     5 ||    14
  Use: Potion            |       |     1 ||     1
  Eat: Chunk             |       |     1 ||     1
Armor: Skin              |    18 |    20 ||    38
Dodge: Dodged            |    39 |    28 ||    67
Block: Shield            |    38 |    39 ||    77
       Rpst.: Long sword |    16 |     6 ||    22
